[Event "Rudolf Teschner GT 2022"]
[Site "Berlin"]
[Date "2022.05.26"]
[Round "1.1"]
[White "Van den Doel, Erik"]
[Black "Hofmeister, Frank"]
[Result "1-0"]
[ECO "B31"]
[WhiteElo "2581"]
[BlackElo "1842"]
[Annotator "TA"]
[PlyCount "45"]
[EventDate "2022.05.25"]
[EventType "swiss"]
[EventCountry "GER"]
[SourceTitle "playchess.com"]
[Source "ChessBase"]
[SourceQuality "1"]
[TimeControl "5400+30"]

1. e4 c5 2. Nf3 Nc6 3. Bb5 g6 4. O-O Bg7 5. c3 Qb6 6. Bc4 {[%emt 0:07:35][%cal Bb5c4,Bc4b3,Bb3a4][%mdl 32] B31: Sicilian: 2...Nc6 3 Bb5 g6.} e6 {[%emt 0:02:16] [#]} 7. Bb3 $146 ({Predecessor:} 7. Re1 Nge7 8. e5 d5 9. exd6 Nf5 10. d3 Nxd6 11. Bb3 O-O 12. Bf4 Na5 13. Nbd2 Rd8 {1-0 (37) Muzychuk,M (2552)-Worek,J (2316) Monte Carlo 2019}) 7... Nge7 8. Qe2 {[%emt 0:01:28] The position is equal.} d6 9. d3 O-O 10. Be3 a5 11. Ba4 Qa6 12. Na3 {[%emt 0:05:11][%cal Bb1a3,Ba3b5,Bb5d6,Bd6e4][%mdl 32] Prevents b5. With the idea Nb5.} Na7 {[%emt 0:02:13] Against Nb5} 13. c4 Qb6 14. Rab1 $36 {[%emt 0:00:40][%mdl 2048] White is pushing.} Qb4 $2 {[%emt 0:01:49] [#]} (14... e5 $11) 15. Bb5 $18 Nxb5 16. Nxb5 Bd7 17. a3 ({Don't play} 17. Nxd6 $6 Qb6 $16) 17... Qb3 18. Nd2 ({Resist} 18. Nxd6 Qb6) 18... Qa2 19. Nxd6 b6 20. f4 Rad8 21. e5 {[%emt 0:01:51] [#] N6e4 is the strong threat.} Nf5 $2 (21... Bc6 22. b4 axb4) 22. N6e4 {[%emt 0:02:15] Pair of Knights!} Nd4 23. Qd1 {[%emt 0:01:05] Weighted Error Value: White=0.04 (flawless) /Black=0.39} 1-0

[Event "Rudolf Teschner GT 2022"]
[Site "Berlin"]
[Date "2022.05.26"]
[Round "1.2"]
[White "Guder, Sibylle"]
[Black "Spiess, Gunter"]
[Result "0-1"]
[ECO "A13"]
[WhiteElo "1839"]
[BlackElo "2388"]
[Annotator "TA"]
[PlyCount "34"]
[EventDate "2022.05.25"]
[EventType "swiss"]
[EventCountry "GER"]
[SourceTitle "playchess.com"]
[Source "ChessBase"]
[SourceQuality "1"]
[TimeControl "5400+30"]

1. Nf3 d5 2. c4 e6 3. b3 Nf6 4. Bb2 c5 5. cxd5 exd5 6. d4 Nc6 7. e3 cxd4 {[%emt 0:00:23] A13: English Opening: 1...e6.} 8. Nxd4 Bb4+ 9. Bc3 $1 Bd6 {[%emt 0:00:36] The position is equal.} 10. Nxc6 bxc6 11. Bd3 O-O 12. Nd2 Re8 {[%emt 0:08:13][%cal Od5d4] [#]} 13. Nf3 $146 ({White should play} 13. O-O $11) ({Predecessor:} 13. Qc2 c5 14. Be2 d4 15. exd4 Bg4 16. f3 Nd5 17. Nc4 Nf4 18. fxg4 Rxe2+ 19. Qxe2 Nxe2 20. Kxe2 {0-1 (37) Solovchuk,A (2302)-Izoria,Z (2602) Chess.com INT 2022}) 13... Ne4 14. Bxe4 Rxe4 15. h3 (15. O-O $15) 15... Ba6 $17 {[%emt 0:06:26] Black is more active.} 16. Rc1 $2 (16. Qc2 $17) 16... c5 $19 {[%emt 0:02:02] Threatens to win with ...d4.} 17. Nd2 $2 {[%emt 0:13:35] [#]} ({Don't blunder} 17. Qxd5 $2 {[#]} Rxe3+ $3 18. fxe3 Bg3+ 19. Kd2 Qxd5+ $19) (17. Kd2 d4 18. Bb2) 17... Rxe3+ $3 {[%emt 0:00:33][%mdl 512] Weighted Error Value: White=0.84/Black=0.02 (flawless)} 0-1

[Event "Rudolf Teschner GT 2022"]
[Site "Berlin"]
[Date "2022.05.26"]
[Round "1.3"]
[White "Florstedt, Johannes"]
[Black "Gruening, Thomas"]
[Result "1-0"]
[ECO "B01"]
[WhiteElo "2365"]
[BlackElo "1831"]
[Annotator "TA"]
[PlyCount "39"]
[EventDate "2022.05.25"]
[EventType "swiss"]
[EventCountry "GER"]
[SourceTitle "playchess.com"]
[Source "ChessBase"]
[SourceQuality "1"]
[TimeControl "5400+30"]

1. e4 d5 2. exd5 Qxd5 3. Nc3 Qd6 4. Nf3 Nf6 5. d4 a6 6. g3 Bg4 7. Bg2 {[%emt 0:02:16] B01: Scandinavian Defence.} Nc6 8. d5 Ne5 9. Bf4 {[%emt 0:00:16] White is slightly better.} Nxf3+ 10. Bxf3 Bxf3 11. Qxf3 e5 12. Qe2 Nd7 13. O-O-O {[%emt 0:00:08] [#]} f6 $146 (13... O-O-O $11 14. Bg5 Re8) ({Predecessor:} 13... Be7 14. Be3 f5 15. g4 g6 16. gxf5 gxf5 17. Rhg1 O-O-O 18. Qh5 f4 19. Bd2 Nf6 {1-0 (50) Miesbauer,J (2298)-Skoda,M (2126) Czech Republic 2018}) 14. Ne4 $36 {[%emt 0:01:58][%mdl 2048] White is on the roll.} Qb4 15. a3 {[%emt 0:03:01] White is much more active. The black rooks are badly placed.} Qb5 16. Qh5+ g6 17. Nxf6+ Nxf6 ({Black should try} 17... Kd8 $14 18. Qg5 exf4 19. Nxh7+ (19. Nxd7+ Be7 $15) 19... Kc8 20. Nxf8 Rxf8) 18. Qxe5+ Kf7 $4 {[%emt 0:10:00][%mdl 8192] [#]} (18... Be7 $16) 19. Qe6+ $1 Kg7 {[%emt 0:00:25] White must now prevent ...Re8.} 20. Be5 {[%emt 0:00:45] Weighted Error Value: White=0.08 (flawless) /Black=0.68} 1-0

[Event "Rudolf Teschner GT 2022"]
[Site "Berlin"]
[Date "2022.05.26"]
[Round "1.4"]
[White "Chinguun Sundui"]
[Black "Tschernatsch, Johannes"]
[Result "0-1"]
[ECO "B31"]
[WhiteElo "1731"]
[BlackElo "2358"]
[Annotator "TA"]
[PlyCount "100"]
[EventDate "2022.05.25"]
[EventType "swiss"]
[EventCountry "GER"]
[SourceTitle "playchess.com"]
[Source "ChessBase"]
[SourceQuality "1"]
[TimeControl "5400+30"]

1. e4 c5 2. Nf3 Nc6 3. Bb5 g6 4. O-O Bg7 5. Bxc6 dxc6 6. Re1 {[%emt 0:00:39] B31: Sicilian: 2...Nc6 3 Bb5 g6.} Qc7 7. d3 Nf6 8. h3 {[%emt 0:00:51] White is slightly better.} O-O 9. Be3 (9. e5 $5 Nd5 10. c4 $11) 9... b6 10. Nc3 Rd8 11. Qd2 {[%emt 0:05:31] [#]} Nd7 $146 ({Predecessor:} 11... e6 12. Bg5 Rd7 13. Bh6 Bh8 14. e5 Nd5 15. Nxd5 Rxd5 16. Re4 Ba6 17. Rae1 Rad8 {0-1 (38) De Silva,R (1399)-Al Moaamari,M (1366) Tornelo INT 2021}) 12. a4 a5 13. Ng5 h6 14. Nf3 Kh7 15. Nh2 Ne5 16. Qe2 f5 $2 {[%emt 0:05:49] [#]} (16... g5 $16) 17. f4 $2 ({White must play} 17. exf5 $1 $18 {Threatens to win with Bf4.} Rf8 18. f4) 17... Nf7 $14 18. e5 Be6 19. Rf1 Rg8 20. Kf2 Nd8 21. Qf3 Bf7 22. Rad1 Ne6 23. Ne2 {[%emt 0:01:05] Inhibits Nd4.} Rad8 (23... g5 $142 24. g3 Rad8) 24. Ke1 ({Better is} 24. h4 $11) 24... Nd4 25. Bxd4 cxd4 26. g4 c5 27. b3 Qd7 (27... Bd5 $15 28. Qg3 fxg4 29. Nxg4 Rdf8) 28. Ng3 (28. Qg3 $11) 28... Bd5 $36 {[%emt 0:00:28][%mdl 2048] White is under pressure.} 29. Qe2 e6 30. h4 Bf8 31. h5 (31. g5 $17) 31... Be7 {[%emt 0:01:20] And now ...g5 would win.} 32. hxg6+ (32. Nf3 $142) 32... Rxg6 $19 33. Nh5 Rdg8 34. Rg1 b5 35. axb5 Qxb5 36. g5 a4 (36... hxg5 $19 {has better winning chances.} 37. fxg5 Rxg5 38. Rxg5 Bxg5) 37. bxa4 $17 Qxa4 {[%emt 0:00:12] Black is more active.} (37... Qb4+ $17 38. Kf1 Qb7 39. Nf6+ Bxf6 40. exf6 hxg5) 38. Nf6+ (38. Nf3 $1 $11 {keeps the balance.} Qa8 39. Kf2 (39. Nh4 hxg5 40. Nxg6 Kxg6 $17)) 38... Bxf6 39. exf6 Qa5+ ({Much weaker is} 39... hxg5 40. Nf3 gxf4 41. Rh1+ Rh6 42. Rxh6+ Kxh6 43. f7 $11) 40. Kf2 $2 (40. Kf1 $1 $15) 40... Qc7 $19 41. Qe5 Qxe5 {[%emt 0:00:34] Dancing on a razor blade.} 42. fxe5 Rxg5 $2 (42... hxg5 $19 43. Nf1 g4) 43. Rxg5 $17 hxg5 $19 {[%emt 0:01:32][%cal Bh6g5,Bg5g4,Bg4g3][%mdl 4128] Endgame KRB-KRN} 44. Ra1 Kh6 {[%emt 0:04:01] [#] aiming for ...g4.} 45. Nf3 $2 (45. Ra7 $17) 45... g4 {[%emt 0:00:39] Black is clearly winning.} 46. Nh4 (46. Ng1 $142 f4 47. Ne2 g3+ 48. Ke1) 46... Kg5 47. Ng2 f4 {[%emt 0:00:07] ...g3+ is the strong threat.} 48. Ra7 g3+ 49. Kg1 {[%emt 0:00:14] Intending Rg7+ and mate.} Rb8 {[%emt 0:01:10] ( -> ...Rb1+)} 50. Rg7+ Kf5 {[%emt 0:00:06] Weighted Error Value: White=0.76/Black=0.36} 0-1

[Event "Rudolf Teschner GT 2022"]
[Site "Berlin"]
[Date "2022.05.26"]
[Round "1.5"]
[White "Langrock, Hannes"]
[Black "Nguyen, Phuc Nhat"]
[Result "1-0"]
[ECO "D02"]
[WhiteElo "2351"]
[BlackElo "1809"]
[Annotator "TA"]
[PlyCount "73"]
[EventDate "2022.05.25"]
[EventType "swiss"]
[EventCountry "GER"]
[SourceTitle "playchess.com"]
[Source "ChessBase"]
[SourceQuality "1"]
[TimeControl "5400+30"]

1. d4 d5 2. Nf3 Nf6 3. g3 c6 4. Bg2 Bg4 5. c4 e6 6. h3 {[%emt 0:01:03] D02: 1 d4 d5 2 Nf3 sidelines, including 2...Nf6 3 g3 and 2...Nf6 3 Bf4.} Bf5 7. Nc3 h6 8. Qb3 {[%emt 0:00:47] The position is equal.} Qb6 9. c5 {[%emt 0:00:16] [#]} Qxb3 $146 ({Predecessor:} 9... Qc7 10. Bf4 Qc8 11. Nd2 Be7 12. e4 dxe4 13. Bxe4 Nxe4 14. Ndxe4 O-O 15. Nd6 Bxd6 16. Bxd6 {0-1 (29) Ronka,E (2355)-Jaracz,P (2459) Chess.com INT 2022}) 10. axb3 Na6 11. Ra4 Bc2 12. Ra3 (12. Be3 $14) 12... Nd7 $11 13. O-O e5 14. Be3 exd4 (14... Bg6 $11 {keeps the balance.}) 15. Nxd4 $16 {[%emt 0:00:26][%cal Bf3d4,Bd4c6,Bc6e5][%mdl 32] Black is now going downhill.} Bg6 (15... Be4 $16 {is a better defense.}) 16. Nxc6 {[%emt 0:01:22][%cal Ob3b4] Threatens to win with b4!} Ndxc5 (16... Bxc5 $16 17. Bxc5 Ndxc5) 17. Ne5 O-O-O $2 (17... Be4 {might work better.} 18. Nxd5 f6) 18. Bxd5 Nd7 19. Nxg6 ({Weaker is} 19. Nxf7 Bxf7 20. Bxf7 Bxa3 21. bxa3 Ne5 $16) 19... fxg6 20. Ra5 (20. Bxa7 Bxa3 21. bxa3 Nf6 $18) 20... Bc5 21. Bxc5 Ndxc5 22. b4 b6 23. Ra3 {[%emt 0:02:16] White is clearly winning.} ({Not} 23. bxc5 bxa5 24. Ra1 Nb4 $16) ({Don't do} 23. Raa1 Nxb4 24. Rxa7 Nxd5 $18) 23... Nxb4 {[%emt 0:00:39] [#]} 24. Rxa7 $1 Kb8 {[%emt 0:05:53] [#]} (24... Nxd5 25. Nxd5) 25. Rfa1 {[%emt 0:02:25] Threatening mate with Ra8+.} Nxd5 26. Nxd5 Rxd5 27. Ra8+ {[%emt 0:00:10][%mdl 64] Skewer} Kc7 {[%emt 0:00:06] ...Rxa8 is the strong threat.} 28. Rxh8 $18 {[%emt 0:00:22][%mdl 4096] Endgame KRR-KRN} Rd2 29. b4 Ne6 30. Kf1 Nd4 (30... Rb2 $142 31. Rc1+ Kd7 32. Rd1+ Ke7) 31. Rg8 Ne6 32. Ra7+ Kc6 33. Re7 Kd6 34. Rexg7 Rd1+ 35. Kg2 g5 36. Rg6 {[%emt 0:00:24] Rd8+ would kill now.} Ke5 37. Re8 {[%emt 0:00:18] Weighted Error Value: White=0.25 (precise) /Black=0.45} 1-0

[Event "Rudolf Teschner GT 2022"]
[Site "Berlin"]
[Date "2022.05.26"]
[Round "1.6"]
[White "Kandeler, Christian"]
[Black "Klenburg, Michael"]
[Result "0-1"]
[ECO "C01"]
[WhiteElo "1821"]
[BlackElo "2346"]
[Annotator "TA"]
[PlyCount "62"]
[EventDate "2022.05.25"]
[EventType "swiss"]
[EventCountry "GER"]
[SourceTitle "playchess.com"]
[Source "ChessBase"]
[SourceQuality "1"]
[TimeControl "5400+30"]

1. e4 e6 2. d4 d5 3. Nc3 Bb4 4. exd5 exd5 5. Bd3 c6 6. Nf3 Bg4 {[%emt 0:04:03] C01: French: Exchange Variation.} 7. h3 Bh5 8. O-O Ne7 {[%emt 0:02:13] White has an edge.} 9. Bf4 Bd6 10. Bxd6 Qxd6 11. Re1 {[%emt 0:01:18] [#]} Nd7 $146 ({Predecessor:} 11... O-O 12. g4 Bg6 13. Qe2 Nc8 14. Bxg6 Qxg6 15. Qe3 f6 16. Nh4 Qf7 17. Nf5 Na6 {0-1 (58) Malm,A (1990)-Schumann,C (1859) IECC email 1998}) 12. a3 Qf6 13. Be2 (13. Re3 $5 ) 13... Bxf3 14. Bxf3 O-O 15. Bg4 Nb6 16. Ne2 g6 17. Ng3 Rae8 18. c3 Qd6 19. Qc2 f5 20. Bf3 Qd7 21. Re2 Nec8 22. Rae1 Nd6 23. Rxe8 Rxe8 24. Rxe8+ Qxe8 25. a4 Qe1+ 26. Kh2 $2 {[%emt 0:00:21] [#] Now White is beyond hope.} ({White has to play} 26. Nf1 $1 $15) 26... Nbc4 $1 $19 ({Inferior is} 26... f4 27. Ne2 $15) 27. b3 (27. h4 {was necessary.}) 27... Nd2 {[%emt 0:00:50] ...f4 is the strong threat.} 28. Qd1 Qxf2 {[%emt 0:00:33] Threatens to win with ...f4.} 29. Be2 (29. Qe2 $142 Qxe2 30. Nxe2) 29... Qf4 {[%emt 0:01:44] White must now prevent ...N6e4.} 30. Kh1 (30. Bf3 $142) 30... Qxg3 31. Qxd2 Ne4 {[%emt 0:00:11][%csl LRc3,LRd2] Weighted Error Value: White=0.57/Black=0.25 (precise)} 0-1

[Event "Rudolf Teschner GT 2022"]
[Site "Berlin"]
[Date "2022.05.26"]
[Round "2.1"]
[White "Pueschel, Werner"]
[Black "Van den Doel, Erik"]
[Result "0-1"]
[ECO "A22"]
[WhiteElo "2037"]
[BlackElo "2581"]
[Annotator "TA"]
[PlyCount "46"]
[EventDate "2022.05.25"]
[EventType "swiss"]
[EventCountry "GER"]
[SourceTitle "playchess.com"]
[Source "ChessBase"]
[SourceQuality "1"]
[TimeControl "5400+30"]

1. c4 Nf6 2. Nc3 e5 3. g3 Bb4 4. Bg2 O-O 5. Nf3 Re8 6. O-O c6 7. Qb3 Bf8 8. d3 {[%emt 0:01:06] A22: English Opening: 1...e5 2 Nc3 Nf6.} d6 9. e4 a6 {[%emt 0:00:40] [#]} 10. a4 $146 {[%emt 0:03:52] The position is equal.} ({Predecessor:} 10. Be3 b5 11. Rad1 Nbd7 12. d4 b4 13. dxe5 dxe5 14. Na4 Qc7 15. c5 Ng4 16. Ng5 {1-0 (28) Dautov,R (2350)-Moskalenko,V (2430) Pinsk 1986}) 10... a5 11. Be3 Na6 12. Rad1 Nc5 13. Qc2 Qb6 14. h3 {[%emt 0:11:35] Inhibits Ng4.} Qb3 15. Qxb3 Nxb3 16. Rfe1 Ra6 17. d4 exd4 18. Nxd4 Nc5 19. f3 g6 20. Bf1 Nfd7 21. Kg2 ({Better is} 21. Rb1 $11) 21... Bg7 $15 22. Nde2 (22. Rb1 $15) 22... Rb6 $17 23. Rxd6 (23. Rb1 $17) 23... Rxb2 {[%emt 0:00:29] Weighted Error Value: White=0.18 (very precise) /Black=0.04 (flawless)} 0-1

[Event "Rudolf Teschner GT 2022"]
[Site "Berlin"]
[Date "2022.05.26"]
[Round "2.2"]
[White "Spiess, Gunter"]
[Black "Werner, Bernd-Michael"]
[Result "1-0"]
[ECO "B06"]
[WhiteElo "2388"]
[BlackElo "1998"]
[Annotator "TA"]
[PlyCount "91"]
[EventDate "2022.05.25"]
[EventType "swiss"]
[EventCountry "GER"]
[SourceTitle "playchess.com"]
[Source "ChessBase"]
[SourceQuality "1"]
[TimeControl "5400+30"]

1. Nf3 g6 2. d4 Bg7 3. e4 d6 4. Bc4 c5 5. c3 Nc6 6. d5 {[%emt 0:22:30] [#] B06: Modern Defence.} Ne5 $146 ({Predecessor:} 6... Nb8 7. h3 Nf6 8. Nbd2 O-O 9. O-O Bd7 10. a4 Ne8 11. Re1 Nc7 12. Nf1 Be8 {0-1 (43) Kleibel,U (2153)-Timagin,P (2335) Ortenburg 2019}) 7. Nxe5 dxe5 8. Be3 {[%emt 0:02:23] White is slightly better.} b6 9. Bb5+ Bd7 10. Bxd7+ Qxd7 11. c4 Nf6 12. Nc3 O-O 13. O-O Ne8 14. Qd3 Nd6 15. a3 f5 16. f3 Rac8 17. exf5 gxf5 18. Rae1 Rf7 19. Re2 e4 (19... Rcf8 $11) 20. fxe4 $14 fxe4 ({Not} 20... Bxc3 21. Qxc3 Nxe4 22. Qe5 $16) 21. Nxe4 {[%emt 0:03:35] Black must now prevent Rxf7.} Rxf1+ 22. Kxf1 Qf5+ 23. Bf2 Rf8 $1 24. Qc2 Qh5 25. Kg1 Nf5 26. Ng3 Nxg3 27. hxg3 Rf6 28. Re4 Qf7 $2 (28... Rh6 $16 29. Rh4 Qg5) 29. Qe2 $18 Rxf2 $2 (29... Kf8 30. b4 cxb4 31. axb4 Rd6) 30. Qxf2 Bd4 31. Rxd4 cxd4 32. Qxd4 {[%emt 0:00:09][%mdl 4096] [#] Endgame aiming for b4. KQ-KQ} Qg6 33. b4 Qxg3 34. Qe4 $2 (34. c5 $18 {and the rest is easy.}) 34... Qxa3 $16 35. Qxe7 Qc1+ 36. Kh2 {[%emt 0:00:05] White is more active.} Qxc4 {[%emt 0:01:30] [#]} 37. Qg5+ ({Much weaker is} 37. Qxa7 $6 Qh4+ 38. Kg1 Qe1+ 39. Kh2 Qh4+ 40. Kg1 Qe1+ 41. Kh2 Qh4+ $11) (37. d6 $1 $16 Qf4+ 38. Kh3 Qh6+ 39. Kg3 Qg6+ 40. Kh4 Qh6+ 41. Kg4 Qg6+ 42. Kh4 Qh6+ 43. Kg4 Qg6+ 44. Kh4) 37... Kf7 $11 {[%emt 0:00:32] The position is equal.} 38. Qf5+ Ke7 39. Qe6+ Kd8 40. Qd6+ Kc8 41. Qf8+ Kd7 42. Qf7+ Kd8 {[%emt 0:00:09] ...Qc7+ is the strong threat.} (42... Kd6 43. Qe6+ Kc7 44. d6+ Kc6 45. Qxc4+ Kxd6 46. Qd3+ Ke5 47. Qxh7) 43. Qg8+ Kd7 44. Qe6+ Kd8 45. Qd6+ Kc8 {[%emt 0:00:26] And now ...Qc7 would win.} 46. Qe6+ {[%emt 0:00:12][%mdl 32768] Black defended with fortune.  Weighted Error Value: White=0.13 (very precise) /Black=0.29 (precise) . Loss on time!?} 1-0

[Event "Rudolf Teschner GT 2022"]
[Site "Berlin"]
[Date "2022.05.26"]
[Round "2.3"]
[White "Sabrowski, Uwe"]
[Black "Florstedt, Johannes"]
[Result "0-1"]
[ECO "D85"]
[WhiteElo "2031"]
[BlackElo "2365"]
[Annotator "TA"]
[PlyCount "88"]
[EventDate "2022.05.25"]
[EventType "swiss"]
[EventCountry "GER"]
[SourceTitle "playchess.com"]
[Source "ChessBase"]
[SourceQuality "1"]
[TimeControl "5400+30"]

1. d4 Nf6 2. c4 g6 3. Nc3 d5 4. cxd5 Nxd5 5. e4 Nxc3 6. bxc3 Bg7 7. Nf3 c5 8. Rb1 O-O 9. Be2 b6 10. Be3 Bb7 11. Bd3 {[%emt 0:18:24] D85: Exchange Grünfeld: Unusual White 7th moves and lines with 7 Nf3.} e6 12. O-O cxd4 13. cxd4 {[%emt 0:00:25] The position is equal.} ({Of course not} 13. Bxd4 Nd7 $15) 13... Nc6 14. Qa4 {[%emt 0:13:36] [#]} a6 $146 ({Predecessor:} 14... Qd7 15. Ba6 Bxa6 16. Qxa6 f5 17. d5 exd5 18. exd5 Qxd5 19. Rfd1 Qe6 20. Ng5 Qf6 {0-1 (73) Medic,M (2265)-Zelic,M (2310) Zagreb 1993}) 15. Be2 b5 16. Qd1 Na5 17. Bd3 Qd7 18. Qe2 Rac8 19. Rfd1 Nc4 20. Rbc1 (20. Bf4 $11 {keeps the balance.}) 20... Nxe3 $17 21. fxe3 Qd6 22. e5 Qa3 23. Rxc8 Rxc8 24. Rd2 ({White should try} 24. h4) 24... Bh6 25. Kf2 Rc3 26. Ne1 Bd5 27. h4 Rc1 28. g4 Qa4 {[%emt 0:02:50] 0x0.001259dd218fdp-1022s more active pieces.} 29. g5 (29. Kg3 $17) 29... Bf8 $19 {[%emt 0:01:15][%cal Bh6f8,Bf8b4,Bb4c3][%mdl 32] Strongly threatening ...Bb4.} 30. Ng2 (30. Bc2 {keeps fighting.} Qa5 31. Bb3) 30... Bb4 31. Rb2 Ra1 32. Bc2 $2 (32. Rc2) 32... Qa3 33. Bb3 Bc3 {[%emt 0:01:08] A strong pair of Bishops.} 34. Rc2 Bxb3 35. axb3 Qxb3 36. Qd3 b4 {[%emt 0:00:16] ...Qb1 is the strong threat.} 37. Qe4 {[%emt 0:01:43][%cal Oh4h5] [#]} Ra2 $2 (37... Qb1 $1 $19 {is more deadly.} 38. Kg3 Qg1) 38. Qa8+ $17 Kg7 {[%emt 0:00:06] The board is on fire.} 39. Re2 {[%emt 0:00:02][%mdl 8192] White does not recover from this.} (39. Rxa2 $17 Qxa2+ 40. Kg3) 39... Rxe2+ $19 40. Kxe2 Qa2+ 41. Kf1 Qb1+ 42. Kf2 Qf5+ 43. Nf4 {[%emt 0:00:12] [#]} Bxd4 $1 {[%emt 0:00:13][%mdl 512] ( -> ...Qxf4+)} 44. Qxa6 (44. Ke2 Qxe5) 44... Qxf4+ {[%emt 0:00:08] Weighted Error Value: White=0.75/Black=0.38} 0-1

[Event "Rudolf Teschner GT 2022"]
[Site "Berlin"]
[Date "2022.05.26"]
[Round "2.4"]
[White "Tschernatsch, Johannes"]
[Black "Kamenskyi, Dmytro"]
[Result "1-0"]
[ECO "C09"]
[WhiteElo "2358"]
[BlackElo "1998"]
[Annotator "TA"]
[PlyCount "111"]
[EventDate "2022.05.25"]
[EventType "swiss"]
[EventCountry "GER"]
[SourceTitle "playchess.com"]
[Source "ChessBase"]
[SourceQuality "1"]
[TimeControl "5400+30"]

1. e4 e6 2. d4 d5 3. Nd2 c5 4. Ngf3 Nc6 5. exd5 exd5 6. Bb5 Bd6 7. dxc5 Bxc5 8. O-O Nge7 9. Nb3 Bd6 10. Nbd4 O-O {[%emt 0:00:31] 10...h6 might become the main line.} 11. c3 Bg4 12. Qc2 {[%emt 0:01:00] C09: French Tarrasch: 3...c5 4 exd5 exd5 5 Ngf3 Nc6.} Nxd4 13. Nxd4 Nc6 14. Nf5 {[%emt 0:09:32] Prevents Qh4. White has an edge.} Bc7 {[%emt 0:07:11] [#]} 15. Be3 $146 ({Predecessor:} 15. h3 Bxf5 16. Qxf5 Qd6 17. g3 Qe6 18. Qxe6 fxe6 19. Be3 a6 20. Be2 h6 21. f4 Rad8 22. Rad1 {1-0 (38) Brobakken,G (2124)-Misdom,J ICCF email 2002}) 15... Qf6 16. Ng3 Rfe8 17. Rae1 h6 18. Bd3 Rad8 19. Qa4 Bd7 20. Nh5 Qe5 {[%emt 0:03:52][%csl Gc7][%cal Re5h2] [#]} 21. Qh4 {[%emt 0:02:56] And now Bd2 would win. Active counter play!} Qe7 22. Qxe7 Rxe7 23. Bf4 Rxe1 24. Rxe1 Bb6 25. a3 Be6 26. b4 Bg4 27. Ng3 Kf8 28. Nf5 Bxf5 29. Bxf5 g5 30. Bd2 Kg7 31. g4 Kf6 32. Kg2 Bc7 {[%emt 0:04:02] Prevents f4.} 33. h4 $1 gxh4 34. Bxh6 Rh8 {[%emt 0:00:13] Inhibits Bh7.} 35. Be3 h3+ 36. Kh1 Be5 {[%emt 0:01:25] [#] White now steadily converts the win.} (36... Rg8 $14) 37. Rc1 (37. Bd2 $1 $16) 37... Rd8 (37... Kg7 $14) 38. b5 (38. f4 $18 Bc7 39. b5) 38... Na5 (38... Ne7 $16) 39. f4 $18 Bb8 40. Bd4+ Ke7 41. Re1+ Kd6 $2 (41... Kf8 $16 42. Bf6 Re8 43. Bg7+ Kxg7 44. Rxe8 Bxf4) 42. Kh2 Nb3 43. Bf6 {[%emt 0:00:15] This bishop pair is nice.} ({Not} 43. Kxh3 Nxd4 44. cxd4 a6 $14) 43... Rg8 44. Kxh3 Kc5 45. Kg3 Bd6 46. a4 Kc4 47. g5 Nc5 48. Rd1 {[%emt 0:01:51] Hoping for Rd4+.} Ne6 {[%emt 0:00:38] Prevents Rd4+.} (48... b6 $142 49. Rd4+ Kb3 50. Rxd5 Bb8) 49. Bxe6 fxe6 {[%emt 0:00:04][%mdl 4096] Endgame KRB-KRB} 50. Re1 Re8 51. g6 Kb3 $2 (51... Rg8 52. g7 (52. Rxe6 Rxg6+ 53. Kf3 Bc5 $16) 52... Bf8) 52. g7 {[%emt 0:00:21] White is clearly winning.} Kxa4 53. Rh1 {[%emt 0:00:24] Rh8 is the strong threat.} Rg8 54. Rh8 Rxg7+ 55. Bxg7 Kxb5 56. Rh6 {[%emt 0:00:07] Weighted Error Value: White=0.17 (very precise) /Black=0.28 (precise)} 1-0